 Dungeon Crawl Stone Soup version 0.29-a0-283-ga02f740833 (webtiles) character file.

Game seed: 18117713617625974830

6204 Exponent the Cleaver (level 10, -1/91 HPs)
             Began as a Deep Dwarf Fighter on Mar 13, 2022.
             Was an Initiate of Makhleb.
             Slain by a yak (11 damage)
             ... on level 9 of the Dungeon.
             The game lasted 00:14:36 (6069 turns).

Exponent the Cleaver (Deep Dwarf Fighter)           Turns: 6069, Time: 00:14:37

Health: -1/91      AC: 13    Str: 24    XL:     10   Next: 61%
Magic:  5/5        EV:  7    Int:  9    God:    Makhleb [......]
Gold:   420        SH:  5    Dex: 12    Spells: 9/9 levels left

rFire   . . .      SeeInvis .   r - +2 war axe (vamp)
rCold   . . .      Faith    .   c - +0 buckler
rNeg    + . .      Spirit   .   B - +0 plate armour
rPois   .          Reflect  .   (no helmet)
rElec   .          Harm     .   p - scarf {repulsion}
rCorr   .          Rampage  .   (no gloves)
Will    +....                   (no boots)
Stlth   ..........              (no amulet)
HPRegen 0.00/turn               e - ring of positive energy
MPRegen 0.09/turn               (no ring)

@: repel missiles
A: damage resistance, heal wounds, sense surroundings 2, no regeneration
a: Heal Wounds, Renounce Religion


You were on level 9 of the Dungeon.
You worshipped Makhleb.
Makhleb was noncommittal.
You visited 1 branch of the dungeon, and saw 9 of its levels.

You collected 420 gold pieces.

Inventory:

Hand Weapons
 r - a +2 vampiric war axe (weapon)
Missiles
 h - 21 poisoned darts (quivered)
Armour
 c - a +0 buckler (worn)
 p - a scarf of repulsion (worn)
 s - a scarf of harm
 B - a +0 plate armour (worn)
 F - a +0 hat
Jewellery
 e - a ring of positive energy (left hand)
 o - a +6 ring of intelligence
 E - a ring of flight
Wands
 y - a wand of acid (9)
 D - a wand of charming (2)
Scrolls
 b - 4 scrolls of magic mapping {unknown}
 g - 2 scrolls of enchant armour {unknown}
 i - 2 scrolls of immolation {unknown}
 j - 10 scrolls of identify {unknown}
 l - 3 scrolls of silence {unknown}
 n - 4 scrolls of teleportation {unknown}
 t - 2 scrolls of vulnerability {unknown}
 v - a scroll of summoning {unknown}
 w - a scroll of blinking {unknown}
 x - a scroll of noise {unknown}
 C - a scroll of fear {unknown}
Potions
 a - a potion of lignification {unknown}
 d - 3 potions of might
 f - 4 potions of attraction
 k - 5 potions of curing
 m - 2 potions of haste {unknown}
 q - a potion of degeneration {unknown}
 u - a potion of mutation {unknown}
 z - a potion of heal wounds {unknown}
 A - 3 potions of invisibility {unknown}


   Skills:
 + Level 6.0 Fighting
 * Level 13.6 Axes
 + Level 7.9 Armour
 + Level 2.5 Dodging
 + Level 5.4 Shields
 * Level 2.5 Invocations


You had 9 spell levels left.
You didn't know any spells.
Your spell library contained the following spells:

 Spells                   Type           Power      Damage    Failure   Level
 Freeze                   Ice            0%         1d3       100%        1
 Sandblast                Erth           0%         2d4       100%        1
 Passwall                 Tmut/Erth      0%         N/A       100%        2
 Sublimation of Blood     Necr           0%         N/A       100%        2
 Wereblood                Tmut           0%         N/A       100%        2
 Frozen Ramparts          Ice            0%         1d2       100%        3
 Ignite Poison            Fire/Tmut/Pois 0%         N/A       100%        3
 Mephitic Cloud           Conj/Pois/Air  0%         N/A       100%        3
 Stone Arrow              Conj/Erth      0%         3d7       100%        3
 Hailstorm                Conj/Ice       0%         3d3       100%        4
 Blade Hands              Tmut           0%         N/A       100%        5
 Freezing Cloud           Conj/Ice/Air   0%         6-21      100%        5
 Irradiate                Conj/Tmut      0%         3d14      100%        5
 Dragon Form              Tmut           0%         N/A       100%        7
 Summon Hydra             Summ           0%         N/A       100%        7


Dungeon Overview and Level Annotations

Branches:
Dungeon (9/15)             Temple (0/1) D:7            Lair (0/6) D:9
    Orc: D:9-12

Altars:
Elyvilon
Fedhas
Makhleb
Okawaru
Qazlal
Ru
Vehumet
Xom
Zin
The Shining One

Shops:
D:7 =

Portals:
Abyss: D:5

Annotations:
D:5 2 transporters, kae's ghost, amateur DrTm


Innate Abilities, Weirdness & Mutations

You are resistant to damage.
You can heal yourself by infusing magical energy.
You passively map the area around you.
You do not regenerate.


Message History

A yak is nearby!
A centaur comes into view.
The centaur shouts!
The centaur wields a +0 shortbow.
The centaur shoots an arrow.
The arrow barely misses you.
The centaur shoots an arrow.
The arrow hits you!
* * * LOW HITPOINT WARNING * * *
The centaur shoots an arrow.
The arrow hits you!
* * * LOW HITPOINT WARNING * * *
The centaur shoots an arrow.
The arrow hits you.
* * * LOW HITPOINT WARNING * * *
Unknown command.
The centaur shoots an arrow.
The arrow barely misses you. The yak gores you but does no damage.
You feel much better.
The centaur shoots an arrow.
The arrow hits you.
The centaur shoots an arrow.
The arrow hits you but does no damage. The yak barely misses you.
You slash the yak!
The yak is moderately wounded.
The centaur shoots an arrow.
The arrow hits you.
* * * LOW HITPOINT WARNING * * *
You hit the yak but do no damage.
The yak is moderately wounded.
The yak gores you but does no damage.
The centaur shoots an arrow.
The arrow hits you!
* * * LOW HITPOINT WARNING * * *
You slash the yak!
You feel better.
The yak is heavily wounded.
The centaur shoots an arrow.
The arrow hits you!
* * * LOW HITPOINT WARNING * * *
The yak gores you.
The centaur shoots an arrow.
You block the arrow.
You slash the yak!
You feel better.
The yak is severely wounded.
The yak gores you!
* * * LOW HITPOINT WARNING * * *
The centaur shoots an arrow.
The arrow barely misses you.
Unknown command.
You barely miss the yak.
The yak is severely wounded.
The centaur shoots an arrow.
The arrow barely misses you. The yak gores you!
You die...

, .............≈≈≈≈..... ,
, ............≈≈≈≈≈.....
,,, ..............≈≈...<..
.#.............≈≈≈...... ,
...............P≈≈.†.... ,
,*.#............≈.≈≈≈≈....
,,
,.....####....P≈≈≈≈†..... ,
, * #...........≈≈≈≈≈≈≈....
, .##.Y@.....≈≈≈≈≈≈≈.... ,
* #...........≈≈≈≈≈≈..(#. ,
.............≈≈≈≈P≈..... ,
.............≈≈≈≈P≈.....
*,,.............≈≈≈≈≈≈.....
, ,....c.......≈≈≈≈≈≈≈.....
..........P≈≈≈≈≈.≈...... ,
, .####......≈≈≈≈≈≈≈....#.
,, , ^...≈≈≈≈≈≈....##.#.


You could see a yak and a centaur.

Vanquished Creatures
  Gastronok (D:9)
  Maggie (D:8)
  A komodo dragon (D:9)
  A troll (D:7)
  A wraith (D:5)
  Duvessa (D:7)
  A water moccasin (D:6)
  A black bear (D:5)
  An orc warrior (D:8)
  2 sky beasts
  2 ice beasts (D:5)
  A centaur (D:7)
  2 phantoms
  6 bullfrogs
  A kobold brigand (D:5)
  5 scorpions
  12 wights
  Dowan (D:7)
  6 killer bees (D:9)
  5 electric eels
  A howler monkey (D:6)
  A crimson imp (D:8)
  6 orc priests
  3 gnoll shamans
  6 hounds
  4 jellies
  5 iguanas
  14 orc wizards
  Robin (D:3)
  10 gnolls
  7 adders
  3 shadow imps
  A white imp (D:8)
  An ufetubus (D:5)
  2 worms
  3 dart slugs
  21 orcs
  5 endoplasms
  A giant cockroach (D:2)
  17 goblins
  8 hobgoblins
  9 jackals
  11 kobolds
  5 quokkas
  5 ball pythons
  4 bats
  2 frilled lizards
  2 rats (D:2)
210 creatures vanquished.

Vanquished Creatures (others)
  An orc (D:8)
  42 plants (D:9)
43 creatures vanquished.

Grand Total: 253 creatures vanquished

Notes
Turn   | Place    | Note
-------+----------+-------------------------------------------
     0 | D:1      | Exponent the Deep Dwarf Fighter began the quest for the
                  | Orb.
     0 | D:1      | Reached XP level 1. HP: 20/20 MP: 1/1
   363 | D:1      | Reached XP level 2. HP: 27/27 MP: 2/2
   840 | D:2      | Found a faded altar of an unknown god.
   866 | D:2      | Reached skill level 3 in Axes
   866 | D:2      | Reached XP level 3. HP: 11/34 MP: 3/3
  1238 | D:3      | Reached XP level 4. HP: 11/42 MP: 4/4
  1462 | D:3      | Reached skill level 4 in Axes
  1469 | D:3      | Found a radiant altar of Vehumet.
  1473 | D:3      | Noticed Robin
  1484 | D:3      | Killed Robin
  1687 | D:3      | Noticed a bullfrog
  1690 | D:3      | Killed a bullfrog
  1691 | D:3      | Reached XP level 5. HP: 15/49 MP: 4/4
  1888 | D:3      | Reached skill level 5 in Axes
  2333 | D:4      | Reached XP level 6. HP: 29/56 MP: 5/5
  2342 | D:4      | Reached skill level 6 in Axes
  2545 | D:4      | Reached skill level 1 in Dodging
  2545 | D:4      | Reached XP level 7. HP: 53/62 MP: 6/6
  2619 | D:4      | Reached skill level 7 in Axes
  2946 | D:4      | Found a glowing golden altar of the Shining One.
  3078 | D:5      | Entered Level 5 of the Dungeon
  3097 | D:5      | Reached skill level 8 in Axes
  3109 | D:5      | Found a sacrificial altar of Ru.
  3205 | D:5      | Found a transporter.
  3235 | D:5      | Noticed a small abomination
  3279 | D:5      | Reached skill level 5 in Armour
  3279 | D:5      | Reached XP level 8. HP: 54/72 MP: 7/7
  3297 | D:5      | Noticed kae's ghost (amateur DrTm)
  3300 | D:5      | Found a transporter.
  3322 | D:5      | Reached skill level 9 in Axes
  3459 | D:5      | Found a one-way gate to the infinite horrors of the Abyss.
  3574 | D:5      | Reached skill level 10 in Axes
  3729 | D:6      | Gained mutation: You passively map the area around you.
                  | [Deep Dwarf growth]
  3729 | D:6      | Reached XP level 9. HP: 37/79 MP: 7/7
  3801 | D:6      | Found a white marble altar of Elyvilon.
  3867 | D:6      | Found an iron altar of Okawaru.
  3940 | D:6      | Found a blossoming altar of Fedhas.
  4059 | D:7      | Noticed a troll
  4070 | D:7      | Killed a troll
  4071 | D:7      | Reached skill level 11 in Axes
  4256 | D:7      | You fall into a shaft and drop 2 floors!
  4394 | D:8      | HP: 4/80 [orc warrior/+0 short sword (7)]
  4412 | D:8      | Reached skill level 5 in Fighting
  4468 | D:8      | HP: 1/79 [wight/+2 flail (10)]
  4577 | D:7      | Reached skill level 12 in Axes
  4611 | D:7      | Noticed Dowan
  4612 | D:7      | Noticed Duvessa
  4623 | D:7      | Killed Dowan
  4624 | D:7      | Reached skill level 5 in Shields
  4630 | D:7      | Killed Duvessa
  4647 | D:7      | Found a glowing silver altar of Zin.
  4676 | D:7      | Found Heofaug's Jewellery Boutique.
  4686 | D:7      | Found a staircase to the Ecumenical Temple.
  5019 | D:8      | Found a stormy altar of Qazlal.
  5138 | D:8      | Noticed Maggie
  5161 | D:8      | Killed Maggie
  5162 | D:8      | Reached XP level 10. HP: 9/88 MP: 7/7
  5179 | D:8      | Found a shimmering altar of Xom.
  5377 | D:8      | Found a burning altar of Makhleb.
  5395 | D:8      | Became a worshipper of Makhleb the Destroyer
  5689 | D:9      | Found a staircase to the Lair.
  5704 | D:9      | Reached skill level 13 in Axes
  5911 | D:9      | Noticed Gastronok
  5942 | D:9      | Killed Gastronok
  6069 | D:9      | Slain by a yak

Illustrated notes

Levels and vault maps discovered:
D:1:      matt_arrival_diagonals, layout_basic
D:2:      layout_basic, hellmonk_ecumenical_altar_run_dry,
          minmay_misc_feat_cross
D:3:      layout_basic, mainiacjoe_overflow_surrounded_room,
          hangedman_decor_clover_reticule, kennysheep_generic_room_13,
          uniq_robin
D:4:      minmay_evil_eye, layout_loops_ring, mainiacjoe_overflow_brackets
D:5:      layout_cave_pools, mainiacjoe_overflow_catwalk,
          gammafunk_ghost_abyssal_escape, dk_noncrumbling_3
D:6:      layout_rooms, kennysheep_mini_moat, mainiacjoe_overflow_chevrons,
          kennysheep_mini
D:7:      layout_basic, zin_academy, minmay_temple_entry_junction, serial_shops,
          nicolae_shop_behind_doors, uniq_duvessa
D:8:      layout_basic, makhleb_grotto_becter, nicolae_overflow_crystal_walls,
          mainiacjoe_overflow_alcove_1, uniq_maggie
D:9:      layout_basic, david_lair_shrubbed, special_room [special_room_bee],
          chequers_big_river, st_stairs_2, glass_columns_b, uniq_gastronok,
          uniq_erica

Skill      XL: |  1  2  3  4  5  6  7  8  9 10 |
---------------+-------------------------------+-----
Fighting       | 3 4 5 6 |  6.0
Axes           | 3 4 5 6 8 10 12 13 | 13.6
Armour         | 4 5 7 |  7.9
Shields        | 4 5 |  5.4
Dodging        | 1 2 |  2.5
Invocations    | 2 |  2.5

Action                   |  1- 3 |  4- 6 |  7- 9 | 10-12 || total
-------------------------+-------+-------+-------+-------++-------
Melee: War axe           |    74 |   135 |   314 |   148 ||   671
 Abil: Heal Wounds       |       |     3 |     8 |    12 ||    23
  Use: Potion            |       |       |     2 |       ||     2
Armor: Scale mail        |    40 |     1 |       |       ||    41
       Chain mail        |       |    73 |   170 |       ||   243
       Plate armour      |       |       |    37 |    70 ||   107
Dodge: Dodged            |    36 |    66 |   126 |    46 ||   274
       Repelled          |       |     1 |     4 |       ||     5
Block: Buckler           |    15 |    42 |    91 |    20 ||   168

Table legend: (Time is in decaauts)
 A = Elapsed time spent in this place.
 B = Non-inter-level travel time spent in this place.
 C = Inter-level travel time spent in this place.
 D = Time resting spent in this place.
 E = Time spent auto-exploring this place.
 F = Levels seen in this place.
 G = Mean time per level.
                   A        B        C        D        E       F      G
               +--------+--------+--------+--------+--------+-----+--------+
         Total |   6218 |   6034 |    184 |     71 |   4223 |   9 |  690.9 |
       Dungeon |   6218 |   6034 |    184 |     71 |   4223 |   9 |  690.9 |
               +--------+--------+--------+--------+--------+-----+--------+

Top non-repeatable levels by time:
     D:3: 1122 daAuts
     D:8: 803 daAuts
     D:1: 769 daAuts
     D:4: 767 daAuts
     D:9: 699 daAuts
     D:7: 568 daAuts
     D:6: 538 daAuts
     D:2: 488 daAuts
     D:5: 460 daAuts
